 Dungeon Crawl Stone Soup version 0.30-a0-743-gbfdf073431 (webtiles) character file.

Game seed: 14273995776581942687

2212 mopl the Conjurer (level 9, -4/56 (62) HPs)
             Began as a Grey Draconian Air Elementalist on Feb 7, 2023.
             Killed by divine providence
             ... invoked by an orc priest
              (12 damage)
             ... on level 5 of the Dungeon.
             The game lasted 00:07:41 (3903 turns).

mopl the Conjurer (Grey Draconian Air Elementalist) Turns: 3903, Time: 00:07:41

HP:   -4/56 (62)    AC: 14    Str: 10    XL:     9   Next: 13%
MP:   18/20         EV: 12    Int: 28    God:
Gold: 162           SH:  0    Dex: 11    Spells: 15/22 levels left

rFire   . . .      SeeInvis +    h - +9 whip of Autumn {elec, Drain rElec rPois Int+7}
rCold   . . .      Faith    .    (no shield)
rNeg    . . .      Spirit   .    (body armour unavailable)
rPois   +          Reflect  .    t - +1 hat {SInv}
rElec   +          Harm     .    (no cloak)
rCorr   .          Rampage  .    (no gloves)
Will    .....                    s - +0 pair of boots
Stlth   ++                       (no amulet)
HPRegen 0.29/turn                e - +4 ring of slaying
MPRegen 0.17/turn                (no ring)

@: drained
A: AC +12, amphibious, unfitting armour, cold-blooded
a: no special abilities


You were on level 5 of the Dungeon.
You visited 2 branches of the dungeon, and saw 6 of its levels.

You collected 217 gold pieces.
You spent 55 gold pieces at shops.

Inventory:

Hand Weapons
 b - a +0 spear
 h - the +9 whip of Autumn (weapon) {elec, Drain rElec rPois Int+7}
   (You found it on level 2 of the Dungeon)

   Int:       It affects your intelligence (+7).
   rElec:     It insulates you from electricity.
   rPois:     It protects you from poison.
   Drain:     It drains your maximum health when unequipped.
 w - the +10 long sword of Gallantry {speed, rF++ Dex+3}
   (You found it on level 5 of the Dungeon)

   Dex:       It affects your dexterity (+3).
   rF:        It greatly protects you from fire.
Armour
 s - a +0 pair of boots (worn)
 t - a +1 hat of see invisible (worn)
Magical Staves
 g - a staff of fire
Jewellery
 e - a +4 ring of slaying (left hand)
Wands
 u - a wand of charming (8)
Scrolls
 c - 4 scrolls of teleportation
 d - a scroll of vulnerability {unknown}
 j - 2 scrolls of enchant weapon {unknown}
 k - a scroll of amnesia {unknown}
 l - a scroll of immolation {unknown}
 n - a scroll of enchant armour {unknown}
 r - a scroll of fog {unknown}
 v - a scroll of butterflies {unknown}
Potions
 a - 2 potions of magic
 f - 3 potions of brilliance
 i - 3 potions of curing
 m - a potion of haste
 o - a potion of heal wounds
 p - a potion of mutation {unknown}
 q - 2 potions of flight {unknown}


   Skills:
 - Level 1.7 Dodging
 - Level 1.7 Stealth
 + Level 7.3 Spellcasting
 + Level 7.8 Conjurations
 - Level 5.0 Air Magic


You had 15 spell levels left.
You knew the following spells:

 Your Spells              Type           Power      Damage    Failure   Level
a - Shock                 Conj/Air       100%       1d9       1%          1
b - Static Discharge      Conj/Air       92%        2-6/arc   1%          2
f - Airstrike             Air            19%        2d(3-19)  7%          4

Your spell library contained the following spells:

 Spells                   Type           Power      Damage    Failure   Level
 Swiftness                Air            38%        N/A       1%          3
 Necrotise                Necr           40%        1d6       5%          1
 Vampiric Draining        Necr           10%        2d6       16%         3
 Agony                    Necr           10%        N/A       82%         5


Dungeon Overview and Level Annotations

Branches:
Dungeon (5/15)             Temple (1/1) D:5

Altars:
Ashenzari
Cheibriados
Fedhas
Gozag
Kikubaaqudgha
Nemelex Xobeh
Okawaru
Qazlal
Ru
Sif Muna
Uskayaw
Wu Jian
Xom

Shops:
D:1 ?   D:2 (   D:5 [


Innate Abilities, Weirdness & Mutations

Your dull iron-grey scales are very hard. (AC +12)
You are amphibious.
You cannot fit into any form of body armour.
You are cold-blooded and may be slowed by cold attacks.


Message History

An orc comes into view. It is wielding a +0 whip.
The orc hits you with a +0 hand axe.
You whack the orc!
You kill the orc!
An orc priest comes into view. It is wielding a +0 club.
You closely miss the orc.
The orc is heavily wounded.
The orc priest calls upon Beogh to heal the orc.
The orc's wounds heal themselves!
The orc barely misses you.
You hear a shout!
You whack the orc!
You kill the orc!
An orc comes into view. It is wielding a +0 whip.
The orc closely misses you.
You whack the orc!
You kill the orc!
The orc priest mumbles some strange prayers to Beogh against you.
Beogh smites you!
You are too injured to fight recklessly!
The orc priest hits you but does no damage.
Items here: ! )) [ †.
Casting: Airstrike (dangerous; 7% risk of failure)
Confirm with . or Enter, or press ? or * to list all spells.
The orc is struck by an arc of lightning.
The orc is heavily wounded.
The orc priest is struck by an arc of lightning.
The orc priest is lightly wounded.
The orc is struck by an arc of lightning.
You kill the orc!
The lightning grounds out.
The orc priest invokes the aid of Beogh against you.
Pain shoots through your body!
* * * LOW HITPOINT WARNING * * *
Unknown command.
Unknown command.
You whack the orc priest!
The orc priest is almost dead.
The orc priest mumbles some strange prayers to Beogh against you.
Beogh smites you!
You die...

....
##†................. ...
#...######.....#### .. .
##.#.# #......... #
#.###.)..######.....####
......#.....$..#.....#
####..#...####.#.....#
.........####.#.....#
#.##[#..##.........## #.
#.#)@##.##.......# ##
......)o##.##..####.###.
####.##........####.....
... ####........#..##.
### ##...#.##.#..##.
#...Y...........
....Y....Y....###
.#.....###.##.###
##...####.##....


You could see an orc priest.

Vanquished Creatures
  5 yaks (D:5)
  A water moccasin (D:5)
  An orc warrior (D:5)
  A black bear (D:5)
  An ogre (D:5)
  A centaur (D:5)
  A phantom (D:5)
  Blork the orc (D:5)
  A necrophage (D:5)
  5 scorpions
  A howler monkey (D:5)
  2 hounds (D:5)
  2 orc priests
  2 jellies
  Jessica (D:2)
  4 iguanas (D:5)
  Natasha (thrice) (D:2)
  3 adders
  A shadow imp (D:5)
  An ufetubus (D:5)
  2 worms
  A dart slug (D:5)
  17 orcs
  5 bats
  8 endoplasms
  A giant cockroach (D:1)
  4 goblins
  4 hobgoblins
  5 jackals
  2 kobolds
  5 quokkas
  3 ball pythons
  4 frilled lizards
  5 rats
104 creatures vanquished.

Notes
Turn   | Place    | Note
-------+----------+-------------------------------------------
     0 | D:1      | mopl the Draconian Air Elementalist began the quest for the
                  | Orb.
     0 | D:1      | Reached XP level 1. HP: 14/14 MP: 3/3
   270 | D:1      | Reached XP level 2. HP: 16/20 MP: 5/5
   273 | D:1      | Learned a level 2 spell: Static Discharge
   572 | D:1      | Found Doeton's Magic Scroll Boutique.
   577 | D:1      | Bought a scroll of identify for 22 gold pieces
   577 | D:1      | Bought a scroll of teleportation for 33 gold pieces
   620 | D:2      | Noticed Natasha
   624 | D:2      | Noticed a crimson imp
   706 | D:2      | Killed Natasha
   707 | D:2      | Reached skill level 2 in Conjurations
   707 | D:2      | Reached XP level 3. HP: 16/26 MP: 1/6
   746 | D:2      | Noticed Jessica
   749 | D:2      | Killed Jessica
   750 | D:2      | Reached XP level 4. HP: 33/33 MP: 3/8
   755 | D:2      | Noticed Natasha
   761 | D:2      | Killed Natasha
   762 | D:2      | Reached skill level 3 in Spellcasting
   799 | D:2      | Noticed Natasha
   805 | D:2      | Killed Natasha
   806 | D:2      | Reached skill level 4 in Air Magic
   841 | D:2      | Identified the +9 whip of Autumn {elec, Drain rElec rPois
                  | Int+7}
   913 | D:2      | Found Fiwotiopn's Antique Weapon Boutique.
  1095 | D:2      | Reached XP level 5. HP: 33/38 MP: 6/9
  1189 | D:2      | Found an opulent altar of Gozag.
  1436 | D:3      | Learned a level 4 spell: Airstrike
  1483 | D:3      | Found a broken altar of Ashenzari.
  1567 | D:3      | Reached skill level 3 in Conjurations
  2253 | D:3      | Found an iron altar of Okawaru.
  2423 | D:4      | Reached XP level 6. HP: 38/45 MP: 4/11
  2629 | D:4      | Reached skill level 4 in Spellcasting
  2705 | D:4      | Reached skill level 4 in Conjurations
  2709 | D:4      | Found an ancient bone altar of Kikubaaqudgha.
  2813 | D:5      | Entered Level 5 of the Dungeon
  2886 | D:5      | Noticed a yak
  2887 | D:5      | Noticed a yak
  2887 | D:5      | Noticed a yak
  2887 | D:5      | Noticed a yak
  2899 | D:5      | Noticed a yak
  2901 | D:5      | Killed a yak
  2902 | D:5      | Reached skill level 5 in Air Magic
  2902 | D:5      | Your scales start taking on a dull iron-grey colour.
  2902 | D:5      | Reduced skill Air Magic to level 4
  2902 | D:5      | Reached XP level 7. HP: 27/50 MP: 8/13
  3068 | D:5      | Killed a yak
  3097 | D:5      | Found Giesum's Antique Armour Emporium.
  3175 | D:5      | Found a staircase to the Ecumenical Temple.
  3184 | Temple   | Entered the Ecumenical Temple
  3328 | D:5      | Killed a yak
  3329 | D:5      | Reached skill level 5 in Spellcasting
  3329 | D:5      | Reached skill level 5 in Conjurations
  3335 | D:5      | Killed a yak
  3336 | D:5      | Reached skill level 5 in Air Magic
  3336 | D:5      | Reached XP level 8. HP: 51/57 MP: 8/15
  3357 | D:5      | Reached skill level 6 in Conjurations
  3462 | D:5      | Reached skill level 6 in Spellcasting
  3634 | D:5      | Reached skill level 7 in Conjurations
  3703 | D:5      | Reached skill level 7 in Spellcasting
  3703 | D:5      | Reached XP level 9. HP: 12/62 MP: 7/19
  3826 | D:5      | Identified the +10 long sword of Gallantry {speed, rF++
                  | Dex+3}
  3873 | D:5      | Noticed Blork the orc
  3884 | D:5      | Killed Blork the orc
  3903 | D:5      | Killed from afar by an orc priest

Illustrated notes

Levels and vault maps discovered:
D:1:      psy_arrival_dodecagon, layout_loops_ring, serial_shops, shop
D:2:      layout_loops_ring, basic_altar, serial_shops, shop,
          minmay_fractal_squares_gapless_5, uniq_jessica, uniq_natasha
D:3:      layout_loops_corners, general_overflow_altar,
          nicolae_ashenzari_panopticon
D:4:      layout_basic, lemuel_tele_altar
D:5:      kennysheep_windowed_halls, layout_loops_cross,
          lemuel_temple_firewalk_b, serial_shops, nicolae_shop_trees,
          uniq_blork_the_orc
Temple:   compressed_dpeg_circular_temple

Skill      XL: |  1  2  3  4  5  6  7  8 |
---------------+-------------------------+-----
Conjurations   | 2 3 4 5 7 |  7.8
Spellcasting   | 3 4 5 7 |  7.3
Air Magic      | 4 4 5 |  5.0
Dodging        | |  1.7
Stealth        | |  1.7

Action                     |  1- 3 |  4- 6 |  7- 9 || total
---------------------------+-------+-------+-------++-------
  Melee: Spear             |    41 |     1 |       ||    42
         Tailslap          |     5 |     8 |    12 ||    25
         Whip              |       |    47 |    82 ||   129
         Punch             |       |       |     1 ||     1
   Cast: Shock             |    24 |    45 |    20 ||    89
         Static Discharge  |       |       |    16 ||    16
    Use: Scroll            |       |     5 |     1 ||     6
   Stab: Sleeping          |     2 |     1 |       ||     3
 Armour: Skin              |    10 |    11 |    45 ||    66
  Dodge: Dodged            |    27 |    31 |    58 ||   116

Table legend: (Time is in decaauts)
 A = Elapsed time spent in this place.
 B = Non-inter-level travel time spent in this place.
 C = Inter-level travel time spent in this place.
 D = Time resting spent in this place.
 E = Time spent auto-exploring this place.
 F = Levels seen in this place.
 G = Mean time per level.
                   A        B        C        D        E       F      G
               +--------+--------+--------+--------+--------+-----+--------+
         Total |   3931 |   3682 |    249 |    340 |   2503 |   6 |  655.2 |
       Dungeon |   3861 |   3626 |    235 |    340 |   2500 |   5 |  772.2 |
        Temple |     69 |     56 |     13 |      0 |      3 |   1 |   69.0 |
               +--------+--------+--------+--------+--------+-----+--------+

Top non-repeatable levels by time:
     D:3: 976 daAuts
     D:5: 950 daAuts
     D:2: 765 daAuts
     D:1: 681 daAuts
     D:4: 487 daAuts
  Temple: 69 daAuts
